Flames vs Capitals

Created - April 12, 2022 at 19:24

Goals
1 2 3 T
Flames 3 3 1 7
Capitals 2 2 0 4
Shots
1 2 3 T
Flames 5 10 10 25
Capitals 14 19 11 44

1st period

1. Capitals , Jason Spezza 27 (Blake Pietila 15) at 3:29
2. Flames , Erik Johnson 7 (Eric Staal 33) at 7:30
3. Flames , Colin Wilson 12 (Bryan Rust 12, Brendan Mikkelson 6) at 13:40
4. Capitals , Antoine Vermette 6 (Jujhar Khaira 13) at 18:30
5. Flames , Eric Staal 25 (David Backes 35, Alexander Semin 25) at 19:42

Penalties :
Esa Lindell (Cal) for Holding (Minor) at 4:56, Jason Spezza (Was) for Hooking (Minor) at 7:50, Nikita Zaitsev (Was) for Holding (Minor) at 14:15

2nd period

6. Capitals , Mike Cammalleri 10 (PK Subban 18, Cody Hodgson 20) at 0:49
7. Flames , Alexander Semin 18 (Eric Staal 34) at 3:01
8. Capitals , Alexander Radulov 14 (Jason Spezza 33) at 7:25 (PP)
9. Flames , Alexander Semin 19 (Eric Staal 35, Brendan Mikkelson 7) at 10:14 (SH)
10. Flames , Alexander Semin 20 (Eric Staal 36, David Backes 36) at 19:05 (PP)

Penalties :
Brad Marchand (Cal) for Slashing (Minor) at 7:24, Kyle Palmieri (Cal) for Roughing (Minor) at 9:17, Trevor Daley (Was) for Slashing (Minor) at 18:31

3rd period

11. Flames , Patrik Berglund 22 (Brad Marchand 12, Sami Vatanen 15) at 14:51

Penalties :
Nikita Zaitsev (Was) for Holding (Minor) at 2:30, Jason Spezza (Was) for Tripping (Minor) at 5:16, Brad Richardson (Was) for Goalie Interference (Minor) at 7:32

Goalie Stats

Henrik Lundqvist (Cal), 40 saves from 44 shots - (0.909), W, 24-14-3, 60:00 minutes
Chet Pickard (Was), 9 saves from 15 shots - (0.600), L, 8-3-2, 39:05 minutes
Cory Schneider (Was), 9 saves from 10 shots - (0.900), 20:55 minutes

Players Stats for Flames

Player Name              G  A  P  +/- PIM S  H  SB GA TA FO     MP     PP MP  PK MP  
------------------------------------------------------------------------------------
Alexander Semin          3  1  4   4  0   3  2  0  0  0  1/2    21:29   5:50   0:39 
Anders Lee               0  0  0  -1  0   0  0  0  1  0  0/1     8:54   0:00   0:00 
Brad Marchand            0  1  1   0  2   0  2  0  1  0  0/1    12:32   0:02   0:08 
Brendan Mikkelson        0  2  2   1  0   0  0  3  0  2  0/0    21:04   3:51   2:07 
Bryan Rust               0  1  1   0  0   1  0  1  0  0  0/0    12:58   0:13   2:39 
Christian Folin          0  0  0  -1  0   2  1  1  0  1  0/0    13:36   0:00   1:52 
Colby Robak              0  0  0  -1  0   2  2  0  0  2  0/0    13:36   0:00   1:52 
Colin Wilson             1  0  1   0  0   2  1  1  0  0  0/3    10:15   0:13   0:00 
David Backes             0  2  2   3  0   3  2  0  2  0  2/4    19:56   5:39   0:00 
David Ullstrom           0  0  0  -1  0   0  0  0  0  0  0/0     8:54   0:00   0:00 
Eric Staal               1  4  5   4  0   4  4  3  0  0  14/32  21:08   5:39   1:12 
Erik Johnson             1  0  1   3  0   2  0  2  2  0  0/0    27:44   6:38   2:07 
Esa Lindell              0  0  0   1  2   0  1  1  2  0  0/0    18:46   3:51   0:00 
Jimmy Hayes              0  0  0   0  0   2  5  0  1  0  1/1    16:45   4:37   0:00 
Kyle Palmieri            0  0  0  -1  2   0  0  0  0  0  0/0     9:51   0:00   0:41 
Patrik Berglund          1  0  1   0  0   3  1  0  1  0  6/17   19:28   4:37   2:39 
Sami Vatanen             0  1  1   3  0   0  3  2  0  0  0/0    25:20   6:38   0:00 
Tanner Pearson           0  0  0   0  0   1  1  0  0  0  0/0    13:42   4:37   0:00 

Players Stats for Capitals

Player Name              G  A  P  +/- PIM S  H  SB GA TA FO     MP     PP MP  PK MP  
------------------------------------------------------------------------------------
Alexander Radulov        1  0  1  -3  0   2  2  0  0  0  1/2    17:03   2:43   0:00 
Alexei Marchenko         0  0  0   0  0   1  0  1  0  4  0/0    22:26   0:00   6:45 
Antoine Vermette         1  0  1   1  0   2  0  0  0  0  9/11   12:18   0:00   3:18 
Blake Pietila            0  1  1  -2  0   3  2  0  0  1  0/2    20:04   1:16   4:04 
Brad Richardson          0  0  0  -1  2   1  2  1  1  0  0/0    11:32   0:00   0:14 
Brian Ferlin             0  0  0   1  0   1  3  0  0  0  0/0     8:36   0:00   0:00 
Cameron Gaunce           0  0  0  -1  0   1  0  0  0  0  0/0    16:17   1:01   1:08 
Cody Hodgson             0  1  1   0  0   5  0  0  1  0  5/6    14:10   1:16   1:25 
Jason Spezza             1  1  2  -3  4   7  1  0  0  0  18/33  21:26   2:43   3:40 
Jujhar Khaira            0  1  1   1  0   1  0  0  0  0  0/0     9:12   0:00   0:17 
Mark Stone               0  0  0  -1  0   6  0  0  0  0  0/0    10:12   0:00   0:00 
Mike Cammalleri          1  0  1  -1  0   3  3  1  0  1  1/1    19:30   2:43   5:54 
Nikita Zaitsev           0  0  0  -1  4   2  1  0  2  2  0/0    20:02   1:01   2:29 
PK Subban                0  1  1  -2  0   1  3  1  0  0  0/0    25:28   2:58   6:21 
Sean Monahan             0  0  0  -1  0   2  0  2  1  0  3/6    12:30   0:00   2:06 
Steve Bernier            0  0  0   0  0   2  0  0  0  1  0/0    12:19   1:16   0:00 
Trevor Daley             0  0  0   0  2   1  1  0  0  0  0/0    13:12   0:00   0:00 
Victor Hedman            0  0  0  -2  0   3  1  1  0  1  0/0    23:08   2:58   4:15 

3 Stars

1 - Alexander Semin (Cal)
2 - Eric Staal (Cal)
3 - David Backes (Cal)

Power Play

Flames - 1 on 6 Attempt(s) - 16.67%
Capitals - 1 on 3 Attempt(s) - 33.33%

Penalty Kill

Flames - 2 on 3 Attempt(s) - 66.67% - Score 1 goal in Penalty Kill
Capitals - 5 on 6 Attempt(s) - 83.33% - Score 0 goal in Penalty Kill

Team Stat

Flames - Hits : 25 - Faceoff Wins : 24 - Blocked Shots : 14 - Penalty Minutes : 6
Capitals - Hits : 19 - Faceoff Wins : 37 - Blocked Shots : 7 - Penalty Minutes : 12

Official

Referees : Kendrick Nicholson and Kevin Pollock
Linesman : Brian Mach and Bevan Mills

Game Notes

Alexander Semin has scored a Hat Trick!
Cory Schneider enters game at 19:05 of 2nd period

Finance

Level 1 -- Attendance: 5786 (96.43%) -- Ticket Income $578,600
Level 2 -- Attendance: 5000 (100.00%) -- Ticket Income $300,000
Level 3 -- Attendance: 2000 (100.00%) -- Ticket Income $70,000
Level 4 -- Attendance: 4000 (100.00%) -- Ticket Income $100,000
Luxury Box -- Attendance: 1000 (100.00%) -- Ticket Income $200,000
Game was played at the Capital One Arena.
Total Attendance: 17786 (98.81%)
Total Ticket Income: $1,248,600
Other Income: $187,290
Total Income: $1,435,890

Flames

5 vs 5 Forward 
   Center                   Left Wing                Right Wing               Time % Phy DF OF 
 1 Eric Staal               Alexander Semin          David Backes             40     1   2  2  
 2 Patrik Berglund          Brad Marchand            Jimmy Hayes              30     1   2  2  
 3 Colin Wilson             Tanner Pearson           Bryan Rust               20     1   2  2  
 4 Anders Lee               David Ullstrom           Kyle Palmieri            10     1   2  2  

5 vs 5 Defense 
   Defense                  Defense                                           Time % Phy DF OF 
 1 Erik Johnson             Sami Vatanen                                      40     1   2  2  
 2 Esa Lindell              Brendan Mikkelson                                 31     1   2  2  
 3 Colby Robak              Christian Folin                                   22     1   2  2  
 4 Erik Johnson             Brendan Mikkelson                                 7      1   2  2  

PowerPlay Forward 
   Center                   Left Wing                Right Wing               Time % Phy DF OF 
 1 Eric Staal               Alexander Semin          David Backes             60     1   1  3  
 2 Patrik Berglund          Tanner Pearson           Jimmy Hayes              40     1   2  2  

PowerPlay Defense
   Defense                  Defense                                           Time % Phy DF OF 
 1 Erik Johnson             Sami Vatanen                                      60     1   1  3  
 2 Esa Lindell              Brendan Mikkelson                                 40     1   2  2  

Penalty Kill 4 Players Forward 
   Center                   Wing                     Time % Phy DF OF 
 1 Patrik Berglund          Bryan Rust               60     1   2  2  
 2 Eric Staal               Kyle Palmieri            40     1   2  2  

Penalty Kill 4 Players Defense
   Defense                  Defense                  Time % Phy DF OF 
 1 Erik Johnson             Brendan Mikkelson        60     1   2  2  
 2 Colby Robak              Christian Folin          40     1   2  2  

Penalty Kill - 3 Players Forward 
   Forward                                           Time % Phy DF OF 
 1 Patrik Berglund                                   60     1   2  2  
 2 Bryan Rust                                        40     1   2  2  

Penalty Kill - 3 Players Defense
   Defense                  Defense                  Time % Phy DF OF 
 1 Erik Johnson             Brendan Mikkelson        60     1   2  2  
 2 Colby Robak              Christian Folin          40     1   2  2  

4 vs 4 Forward 
   Center                   Wing                     Time % Phy DF OF 
 1 Patrik Berglund          David Backes             60     1   2  2  
 2 Eric Staal               Alexander Semin          40     1   2  2  

4 vs 4 Defense
   Defense                  Defense                  Time % Phy DF OF 
 1 Erik Johnson             Sami Vatanen             60     1   2  2  
 2 Esa Lindell              Brendan Mikkelson        40     1   2  2  

Last Minutes Offensive
   Center                   Left Wing                Right Wing               Defense                  Defense                  
   Eric Staal               Alexander Semin          David Backes             Erik Johnson             Sami Vatanen             

Last Minutes Defensive
   Center                   Left Wing                Right Wing               Defense                  Defense                  
   Eric Staal               Alexander Semin          David Backes             Erik Johnson             Sami Vatanen             

Goaltenders
Starting : Henrik Lundqvist         
Backup : Christopher Gibson       

Extra Forwards
Normal : Alexander Semin, Bryan Rust, Colin Wilson - PP : Tanner Pearson, Colin Wilson - PK : Alexander Semin
Extra Defensemen
Normal : Esa Lindell, Christian Folin, Brendan Mikkelson - PP : Esa Lindell - PK : Christian Folin, Brendan Mikkelson
Penalty Shots
Brad Marchand, Alexander Semin, Tanner Pearson, Patrik Berglund, Anders Lee

Scratches
David Savard (Healthy), Tyler Shattock (Healthy), Vladimir Sobotka (Healthy)

Capitals

5 vs 5 Forward 
   Center                   Left Wing                Right Wing               Time % Phy DF OF 
 1 Jason Spezza             Blake Pietila            Alexander Radulov        35     0   1  4  
 2 Cody Hodgson             Mike Cammalleri          Steve Bernier            25     0   2  3  
 3 Sean Monahan             Brad Richardson          Mark Stone               20     0   2  3  
 4 Antoine Vermette         Jujhar Khaira            Brian Ferlin             20     0   3  2  

5 vs 5 Defense 
   Defense                  Defense                                           Time % Phy DF OF 
 1 Victor Hedman            PK Subban                                         35     0   3  2  
 2 Alexei Marchenko         Nikita Zaitsev                                    35     0   4  1  
 3 Trevor Daley             Cameron Gaunce                                    25     0   4  1  
 4 Victor Hedman            PK Subban                                         5      0   3  2  

PowerPlay Forward 
   Center                   Left Wing                Right Wing               Time % Phy DF OF 
 1 Jason Spezza             Mike Cammalleri          Alexander Radulov        60     0   1  4  
 2 Cody Hodgson             Blake Pietila            Steve Bernier            40     0   1  4  

PowerPlay Defense
   Defense                  Defense                                           Time % Phy DF OF 
 1 PK Subban                Victor Hedman                                     60     0   2  3  
 2 Cameron Gaunce           Nikita Zaitsev                                    40     0   2  3  

Penalty Kill 4 Players Forward 
   Center                   Wing                     Time % Phy DF OF 
 1 Jason Spezza             Mike Cammalleri          60     0   4  1  
 2 Sean Monahan             Blake Pietila            40     0   4  1  

Penalty Kill 4 Players Defense
   Defense                  Defense                  Time % Phy DF OF 
 1 PK Subban                Alexei Marchenko         60     0   4  1  
 2 Victor Hedman            Nikita Zaitsev           40     0   4  1  

Penalty Kill - 3 Players Forward 
   Forward                                           Time % Phy DF OF 
 1 Jason Spezza                                      60     0   5  0  
 2 Sean Monahan                                      40     0   5  0  

Penalty Kill - 3 Players Defense
   Defense                  Defense                  Time % Phy DF OF 
 1 PK Subban                Alexei Marchenko         60     0   5  0  
 2 Victor Hedman            Nikita Zaitsev           40     0   5  0  

4 vs 4 Forward 
   Center                   Wing                     Time % Phy DF OF 
 1 Jason Spezza             Mike Cammalleri          60     0   2  3  
 2 Cody Hodgson             Alexander Radulov        40     0   2  3  

4 vs 4 Defense
   Defense                  Defense                  Time % Phy DF OF 
 1 PK Subban                Victor Hedman            60     0   2  3  
 2 Cameron Gaunce           Alexei Marchenko         40     0   2  3  

Last Minutes Offensive
   Center                   Left Wing                Right Wing               Defense                  Defense                  
   Jason Spezza             Mike Cammalleri          Alexander Radulov        PK Subban                Victor Hedman            

Last Minutes Defensive
   Center                   Left Wing                Right Wing               Defense                  Defense                  
   Jason Spezza             Mike Cammalleri          Brian Ferlin             PK Subban                Victor Hedman            

Goaltenders
Starting : Chet Pickard             
Backup : Cory Schneider           

Extra Forwards
Normal : Jason Spezza, Cody Hodgson, Alexander Radulov - PP : Jason Spezza, Cody Hodgson - PK : Jason Spezza
Extra Defensemen
Normal : PK Subban, Victor Hedman, Alexei Marchenko - PP : PK Subban - PK : Victor Hedman, PK Subban
Penalty Shots
Jason Spezza, Cody Hodgson, Mike Cammalleri, Alexander Radulov, Victor Hedman

Scratches
Jared Spurgeon (Healthy), Kevin Connauton (Healthy), Martins Karsums (Healthy), Patrick Sharp (Healthy)

% Time on Ice - Flames

Lines # - Real PCT - Wanted PCT - Time Play
Normal Forward
1 - 34% - 40% - 15:35
2 - 27% - 30% - 12:08
3 - 20% - 20% - 8:55
4 - 20% - 10% - 8:54
Normal Defense
1 - 41% - 40% - 18:49
2 - 34% - 31% - 15:21
3 - 25% - 22% - 11:12
4 - 0% - 7% - 0:10
PP Forward
1 - 56% - 60% - 5:52
2 - 44% - 40% - 4:37
PP Defense
1 - 63% - 60% - 6:38
2 - 37% - 40% - 3:51
PK Forward
1 - 70% - 60% - 2:47
2 - 30% - 40% - 1:12
PK Defense
1 - 53% - 60% - 2:07
2 - 47% - 40% - 1:52
PK3 Forward
1 - 0% - 60%
2 - 0% - 40%
PK3 Defense
1 - 0% - 60%
2 - 0% - 40%
44 Forward
1 - 0% - 60%
2 - 0% - 40%
44 Defense
1 - 0% - 60%
2 - 0% - 40%
Last Minute Offensive  - 0:00
Last Minute Defensive  - 0:00
Total
Forward - 60:00
Defense - 60:00

% Time on Ice - Capitals

Lines # - Real PCT - Wanted PCT - Time Play
Normal Forward
1 - 34% - 35% - 15:29
2 - 25% - 25% - 11:15
3 - 22% - 20% - 10:12
4 - 19% - 20% - 8:36
Normal Defense
1 - 35% - 35% - 15:45
2 - 36% - 35% - 16:34
3 - 29% - 25% - 13:13
4 - 0% - 5% - 0:00
PP Forward
1 - 68% - 60% - 2:43
2 - 32% - 40% - 1:16
PP Defense
1 - 74% - 60% - 2:58
2 - 26% - 40% - 1:01
PK Forward
1 - 80% - 60% - 8:23
2 - 20% - 40% - 2:06
PK Defense
1 - 54% - 60% - 5:40
2 - 46% - 40% - 4:49
PK3 Forward
1 - 0% - 60%
2 - 0% - 40%
PK3 Defense
1 - 0% - 60%
2 - 0% - 40%
44 Forward
1 - 0% - 60%
2 - 0% - 40%
44 Defense
1 - 0% - 60%
2 - 0% - 40%
Last Minute Offensive  - 0:00
Last Minute Defensive  - 0:00
Total
Forward - 60:00
Defense - 60:00

Play-by-Play

1st period


0:01 of 1st period - Jason Spezza wins face-off versus Eric Staal in neutral zone.
0:26 of 1st period - Erik Johnson is hit by PK Subban and loses puck.
0:39 of 1st period - Slapshot by Cody Hodgson.
0:39 of 1st period - Shot Blocked by Esa Lindell.
0:55 of 1st period - Wrist shot by Sean Monahan.
0:55 of 1st period - Shot Blocked by Brendan Mikkelson.
0:57 of 1st period - Slapshot by PK Subban.
0:57 of 1st period - Shot Blocked by Brendan Mikkelson.
0:59 of 1st period - Snap shot by Mark Stone.
0:59 of 1st period - Shot Blocked by Colin Wilson.
2:09 of 1st period - Steve Bernier is hit by Jimmy Hayes and loses puck.
2:49 of 1st period - Wrist shot by Cody Hodgson.
2:49 of 1st period - Shot Misses the Net.
2:51 of 1st period - Snap shot by Mike Cammalleri.
2:51 of 1st period - Stopped by Henrik Lundqvist with a rebound.
2:53 of 1st period - Slapshot by Steve Bernier.
2:53 of 1st period - Deflect By Cody Hodgson.
2:53 of 1st period - Stopped by Henrik Lundqvist without a rebound.
2:54 of 1st period - Eric Staal wins face-off versus Sean Monahan in Flames zone.
2:59 of 1st period - Cameron Gaunce is hit by Eric Staal and loses puck.
3:29 of 1st period - Snap shot by Blake Pietila.
3:29 of 1st period - Deflect By Jason Spezza.
3:29 of 1st period - Goal by Jason Spezza - Flames : 0 - Capitals : 1.
3:30 of 1st period - Antoine Vermette wins face-off versus Eric Staal in neutral zone.
4:02 of 1st period - Anders Lee is hit by Blake Pietila and loses puck.
4:39 of 1st period - Brad Marchand is hit by Brad Richardson and loses puck.
4:56 of 1st period - Minor Penalty to Esa Lindell for Holding.
4:57 of 1st period - Jason Spezza wins face-off versus Patrik Berglund in Flames zone.
5:32 of 1st period - Wrist shot by Victor Hedman.
5:32 of 1st period - Deflect By Steve Bernier.
5:32 of 1st period - Shot Blocked by Brendan Mikkelson.
5:32 of 1st period - Puck is out of play.
5:33 of 1st period - Eric Staal wins face-off versus Cody Hodgson in Flames zone.
5:50 of 1st period - Slapshot by Cody Hodgson.
5:50 of 1st period - Shot Blocked by Bryan Rust.
6:00 of 1st period - Cameron Gaunce is hit by Christian Folin and loses puck.
6:56 of 1st period - Penalty to Esa Lindell is over, Esa Lindell is back on ice.
7:08 of 1st period - Jujhar Khaira is hit by Eric Staal and loses puck.
7:26 of 1st period - Off-side.
7:27 of 1st period - Eric Staal wins face-off versus Sean Monahan in neutral zone.
7:30 of 1st period - Slapshot by Erik Johnson.
7:30 of 1st period - Goal by Erik Johnson - Flames : 1 - Capitals : 1.
7:31 of 1st period - Eric Staal wins face-off versus Jason Spezza in neutral zone.
7:43 of 1st period - Backhand shot by Eric Staal.
7:43 of 1st period - Stopped by Chet Pickard without a rebound.
7:44 of 1st period - Eric Staal wins face-off versus Blake Pietila in Capitals zone.
7:50 of 1st period - Minor Penalty to Jason Spezza for Hooking.
7:51 of 1st period - Antoine Vermette wins face-off versus Alexander Semin in Capitals zone.
8:35 of 1st period - Wrist shot by Cody Hodgson.
8:35 of 1st period - Stopped by Henrik Lundqvist without a rebound.
8:36 of 1st period - Antoine Vermette wins face-off versus David Backes in Flames zone.
8:51 of 1st period - Antoine Vermette is hit by Jimmy Hayes and loses puck.
9:50 of 1st period - Penalty to Jason Spezza is over, Jason Spezza is back on ice.
9:55 of 1st period - Cody Hodgson is hit by Esa Lindell.
10:19 of 1st period - Wrist shot by Jujhar Khaira.
10:19 of 1st period - Stopped by Henrik Lundqvist without a rebound.
10:20 of 1st period - Antoine Vermette wins face-off versus Colin Wilson in Flames zone.
10:21 of 1st period - Snap shot by Brian Ferlin.
10:21 of 1st period - Stopped by Henrik Lundqvist with a rebound.
10:50 of 1st period - Wrist shot by David Backes.
10:50 of 1st period - Shot Blocked by Victor Hedman.
11:43 of 1st period - Tanner Pearson is hit by Mike Cammalleri.
11:51 of 1st period - Snap shot by Cody Hodgson.
11:51 of 1st period - Stopped by Henrik Lundqvist with a rebound.
12:03 of 1st period - Sami Vatanen is hit by Blake Pietila.
12:30 of 1st period - Snap shot by David Backes.
12:30 of 1st period - Shot Blocked by Brad Richardson.
12:41 of 1st period - Sami Vatanen is hit by Trevor Daley and loses puck.
12:58 of 1st period - Wrist shot by Mark Stone.
12:58 of 1st period - Stopped by Henrik Lundqvist with a rebound.
13:00 of 1st period - Wrist shot by Cameron Gaunce.
13:00 of 1st period - Stopped by Henrik Lundqvist with a rebound.
13:02 of 1st period - Snap shot by Sean Monahan.
13:02 of 1st period - Stopped by Henrik Lundqvist without a rebound.
13:03 of 1st period - Patrik Berglund wins face-off versus Jason Spezza in Flames zone.
13:40 of 1st period - Snap shot by Colin Wilson.
13:40 of 1st period - Goal by Colin Wilson - Flames : 2 - Capitals : 1.
13:41 of 1st period - Jason Spezza wins face-off versus Eric Staal in neutral zone.
13:50 of 1st period - Snap shot by Blake Pietila.
13:50 of 1st period - Stopped by Henrik Lundqvist without a rebound.
13:51 of 1st period - Eric Staal wins face-off versus Jason Spezza in Flames zone.
14:10 of 1st period - Wrist shot by Eric Staal.
14:10 of 1st period - Stopped by Chet Pickard with a rebound.
14:15 of 1st period - Minor Penalty to Nikita Zaitsev for Holding.
14:16 of 1st period - Jason Spezza wins face-off versus David Backes in Capitals zone.
14:42 of 1st period - PK Subban is hit by Patrik Berglund and loses puck.
14:49 of 1st period - Slapshot by Esa Lindell.
14:49 of 1st period - Shot Blocked by Sean Monahan.
14:51 of 1st period - Wrist shot by Tanner Pearson.
14:51 of 1st period - Deflect By Patrik Berglund.
14:51 of 1st period - Shot Blocked by Sean Monahan.
14:51 of 1st period - Puck is out of play.
14:52 of 1st period - Jason Spezza wins face-off versus Eric Staal in Capitals zone.
16:03 of 1st period - Slapshot by Sami Vatanen.
16:03 of 1st period - Shot Hit the Post.
16:12 of 1st period - Icing by Sami Vatanen.
16:13 of 1st period - Patrik Berglund wins face-off versus Sean Monahan in Flames zone.
16:15 of 1st period - Penalty to Nikita Zaitsev is over, Nikita Zaitsev is back on ice.
16:26 of 1st period - Snap shot by Sean Monahan.
16:26 of 1st period - Deflect By Nikita Zaitsev.
16:26 of 1st period - Stopped by Henrik Lundqvist without a rebound.
16:27 of 1st period - Antoine Vermette wins face-off versus Anders Lee in Flames zone.
16:58 of 1st period - Colby Robak is hit by Jason Spezza and loses puck.
17:11 of 1st period - David Ullstrom is hit by Victor Hedman.
17:34 of 1st period - Kyle Palmieri is hit by Brian Ferlin and loses puck.
18:03 of 1st period - Antoine Vermette is hit by Colby Robak and loses puck.
18:30 of 1st period - Snap shot by Antoine Vermette.
18:30 of 1st period - Goal by Antoine Vermette - Flames : 2 - Capitals : 2.
18:31 of 1st period - Eric Staal wins face-off versus Jason Spezza in neutral zone.
18:45 of 1st period - Slapshot by Alexander Radulov.
18:45 of 1st period - Shot Misses the Net.
18:47 of 1st period - Slapshot by PK Subban.
18:47 of 1st period - Shot Blocked by Eric Staal.
18:57 of 1st period - Cody Hodgson is hit by Jimmy Hayes and loses puck.
19:26 of 1st period - Snap shot by Mark Stone.
19:26 of 1st period - Stopped by Henrik Lundqvist without a rebound.
19:27 of 1st period - Eric Staal wins face-off versus Jason Spezza in Flames zone.
19:42 of 1st period - Wrist shot by Eric Staal.
19:42 of 1st period - Goal by Eric Staal - Flames : 3 - Capitals : 2.
19:43 of 1st period - Alexander Semin wins face-off versus Jason Spezza in neutral zone.
Goals for this period are 3 for Flames vs 2 for Capitals.
Shots for this period are 5 for Flames vs 14 for Capitals.

2nd period


0:01 of 2nd period - Jason Spezza wins face-off versus Eric Staal in neutral zone.
0:04 of 2nd period - Wrist shot by Blake Pietila.
0:04 of 2nd period - Shot Misses the Net.
0:06 of 2nd period - Slapshot by Alexei Marchenko.
0:06 of 2nd period - Shot Misses the Net.
0:08 of 2nd period - Slapshot by Alexei Marchenko.
0:08 of 2nd period - Shot Misses the Net.
0:10 of 2nd period - Snap shot by Blake Pietila.
0:10 of 2nd period - Shot Blocked by Eric Staal.
0:12 of 2nd period - Slapshot by Jason Spezza.
0:12 of 2nd period - Stopped by Henrik Lundqvist without a rebound.
0:13 of 2nd period - Alexander Radulov wins face-off versus Eric Staal in Flames zone.
0:28 of 2nd period - Wrist shot by Alexander Semin.
0:28 of 2nd period - Shot Misses the Net.
0:30 of 2nd period - Snap shot by Sami Vatanen.
0:30 of 2nd period - Shot Misses the Net.
0:47 of 2nd period - Backhand shot by PK Subban.
0:47 of 2nd period - Shot Blocked by Erik Johnson.
0:49 of 2nd period - Snap shot by Mike Cammalleri.
0:49 of 2nd period - Goal by Mike Cammalleri - Flames : 3 - Capitals : 3.
0:50 of 2nd period - David Backes wins face-off versus Jason Spezza in neutral zone.
1:39 of 2nd period - Cody Hodgson is hit by Jimmy Hayes and loses puck.
2:08 of 2nd period - Cameron Gaunce is hit by Tanner Pearson and loses puck.
2:30 of 2nd period - Off-side.
2:31 of 2nd period - Mike Cammalleri wins face-off versus Patrik Berglund in neutral zone.
2:56 of 2nd period - PK Subban is hit by David Backes and loses puck.
3:01 of 2nd period - Slapshot by Alexander Semin.
3:01 of 2nd period - Goal by Alexander Semin - Flames : 4 - Capitals : 3.
3:02 of 2nd period - Jason Spezza wins face-off versus Eric Staal in neutral zone.
3:18 of 2nd period - Snap shot by Blake Pietila.
3:18 of 2nd period - Stopped by Henrik Lundqvist with a rebound.
4:09 of 2nd period - Off-side.
4:10 of 2nd period - Jason Spezza wins face-off versus Eric Staal in neutral zone.
4:41 of 2nd period - Wrist shot by Patrik Berglund.
4:41 of 2nd period - Stopped by Chet Pickard with a rebound.
4:43 of 2nd period - Slapshot by Colby Robak.
4:43 of 2nd period - Stopped by Chet Pickard without a rebound.
4:44 of 2nd period - Antoine Vermette wins face-off versus Patrik Berglund in Capitals zone.
5:11 of 2nd period - Icing by Steve Bernier.
5:12 of 2nd period - Cody Hodgson wins face-off versus Eric Staal in Capitals zone.
5:44 of 2nd period - Slapshot by Colin Wilson.
5:44 of 2nd period - Shot Misses the Net.
5:46 of 2nd period - Slapshot by Brendan Mikkelson.
5:46 of 2nd period - Deflect By Colin Wilson.
5:46 of 2nd period - Stopped by Chet Pickard without a rebound.
5:47 of 2nd period - Patrik Berglund wins face-off versus Jason Spezza in Capitals zone.
6:21 of 2nd period - Slapshot by Jujhar Khaira.
6:21 of 2nd period - Deflect By Antoine Vermette.
6:21 of 2nd period - Stopped by Henrik Lundqvist without a rebound.
6:22 of 2nd period - Sean Monahan wins face-off versus Patrik Berglund in Flames zone.
6:23 of 2nd period - Snap shot by Brad Richardson.
6:23 of 2nd period - Shot Misses the Net.
7:15 of 2nd period - Wrist shot by Steve Bernier.
7:15 of 2nd period - Deflect By Cody Hodgson.
7:15 of 2nd period - Stopped by Henrik Lundqvist with a rebound.
7:17 of 2nd period - Snap shot by Mike Cammalleri.
7:17 of 2nd period - Stopped by Henrik Lundqvist without a rebound.
7:18 of 2nd period - Antoine Vermette wins face-off versus Patrik Berglund in Flames zone.
7:24 of 2nd period - Minor Penalty to Brad Marchand for Slashing.
7:25 of 2nd period - Jason Spezza wins face-off versus Patrik Berglund in Flames zone.
7:25 of 2nd period - Snap shot by Alexander Radulov.
7:25 of 2nd period - Goal by Alexander Radulov - Flames : 4 - Capitals : 4.
7:26 of 2nd period - Eric Staal wins face-off versus Jason Spezza in neutral zone.
7:31 of 2nd period - Jason Spezza is hit by Eric Staal and loses puck.
7:52 of 2nd period - Brad Marchand is hit by Mike Cammalleri and loses puck.
9:11 of 2nd period - Snap shot by Alexander Radulov.
9:11 of 2nd period - Shot Hit the Post.
9:17 of 2nd period - Minor Penalty to Kyle Palmieri for Roughing.
9:18 of 2nd period - Patrik Berglund wins face-off versus Alexander Radulov in Flames zone.
9:18 of 2nd period - Patrik Berglund is hit by Alexander Radulov.
9:52 of 2nd period - Wrist shot by Steve Bernier.
9:52 of 2nd period - Shot Blocked by Christian Folin.
9:54 of 2nd period - Slapshot by Victor Hedman.
9:54 of 2nd period - Stopped by Henrik Lundqvist without a rebound.
9:55 of 2nd period - Jason Spezza wins face-off versus Patrik Berglund in Flames zone.
10:12 of 2nd period - Slapshot by Eric Staal.
10:12 of 2nd period - Shot Misses the Net.
10:14 of 2nd period - Wrist shot by Alexander Semin.
10:14 of 2nd period - Goal by Alexander Semin - Flames : 5 - Capitals : 4.
10:15 of 2nd period - Jason Spezza wins face-off versus Patrik Berglund in neutral zone.
10:20 of 2nd period - Brendan Mikkelson is hit by Alexander Radulov and loses puck.
11:17 of 2nd period - Penalty to Kyle Palmieri is over, Kyle Palmieri is back on ice.
11:57 of 2nd period - Sami Vatanen is hit by Brad Richardson and loses puck.
12:44 of 2nd period - David Ullstrom is hit by Brian Ferlin and loses puck.
13:21 of 2nd period - Jason Spezza is hit by Alexander Semin and loses puck.
13:55 of 2nd period - Antoine Vermette is hit by Brad Marchand and loses puck.
14:44 of 2nd period - Colin Wilson is hit by PK Subban and loses puck.
14:58 of 2nd period - Colin Wilson is hit by Nikita Zaitsev.
15:20 of 2nd period - Snap shot by Sean Monahan.
15:20 of 2nd period - Shot Blocked by Sami Vatanen.
15:22 of 2nd period - Wrist shot by Mark Stone.
15:22 of 2nd period - Stopped by Henrik Lundqvist with a rebound.
15:24 of 2nd period - Wrist shot by Mark Stone.
15:24 of 2nd period - Stopped by Henrik Lundqvist with a rebound.
15:26 of 2nd period - Slapshot by Nikita Zaitsev.
15:26 of 2nd period - Stopped by Henrik Lundqvist with a rebound.
15:28 of 2nd period - Slapshot by Alexei Marchenko.
15:28 of 2nd period - Shot Misses the Net.
15:30 of 2nd period - Snap shot by Brad Richardson.
15:30 of 2nd period - Shot Blocked by Erik Johnson.
16:18 of 2nd period - Slapshot by Sean Monahan.
16:18 of 2nd period - Stopped by Henrik Lundqvist with a rebound.
16:20 of 2nd period - Slapshot by Alexei Marchenko.
16:20 of 2nd period - Stopped by Henrik Lundqvist without a rebound.
16:21 of 2nd period - Jason Spezza wins face-off versus Eric Staal in Flames zone.
16:29 of 2nd period - Slapshot by Jason Spezza.
16:29 of 2nd period - Stopped by Henrik Lundqvist with a rebound.
16:31 of 2nd period - Backhand shot by Victor Hedman.
16:31 of 2nd period - Deflect By Eric Staal.
16:31 of 2nd period - Stopped by Henrik Lundqvist with a rebound.
16:33 of 2nd period - Backhand shot by Alexander Radulov.
16:33 of 2nd period - Stopped by Henrik Lundqvist with a rebound.
17:29 of 2nd period - Wrist shot by Jason Spezza.
17:29 of 2nd period - Stopped by Henrik Lundqvist with a rebound.
18:12 of 2nd period - Alexander Radulov is hit by Sami Vatanen and loses puck.
18:21 of 2nd period - Slapshot by Patrik Berglund.
18:21 of 2nd period - Stopped by Chet Pickard with a rebound.
18:23 of 2nd period - Snap shot by Christian Folin.
18:23 of 2nd period - Stopped by Chet Pickard with a rebound.
18:25 of 2nd period - Snap shot by Jimmy Hayes.
18:25 of 2nd period - Shot Misses the Net.
18:31 of 2nd period - Minor Penalty to Trevor Daley for Slashing.
18:32 of 2nd period - Jason Spezza wins face-off versus Eric Staal in Capitals zone.
18:41 of 2nd period - Slapshot by David Backes.
18:41 of 2nd period - Shot Misses the Net.
18:43 of 2nd period - Wrist shot by Erik Johnson.
18:43 of 2nd period - Stopped by Chet Pickard without a rebound.
18:44 of 2nd period - Eric Staal wins face-off versus Jason Spezza in Capitals zone.
18:49 of 2nd period - Snap shot by David Backes.
18:49 of 2nd period - Stopped by Chet Pickard without a rebound.
18:50 of 2nd period - Eric Staal wins face-off versus Jason Spezza in Capitals zone.
19:05 of 2nd period - Wrist shot by Alexander Semin.
19:05 of 2nd period - Goal by Alexander Semin - Flames : 6 - Capitals : 4.
19:05 of 2nd period - Cory Schneider enters game.
19:06 of 2nd period - Jason Spezza wins face-off versus Eric Staal in neutral zone.
19:09 of 2nd period - Snap shot by Alexander Radulov.
19:09 of 2nd period - Shot Misses the Net.
19:17 of 2nd period - Snap shot by Blake Pietila.
19:17 of 2nd period - Shot Blocked by Sami Vatanen.
19:19 of 2nd period - Snap shot by Victor Hedman.
19:19 of 2nd period - Stopped by Henrik Lundqvist with a rebound.
19:21 of 2nd period - Snap shot by Jason Spezza.
19:21 of 2nd period - Stopped by Henrik Lundqvist with a rebound.
19:31 of 2nd period - Steve Bernier is hit by Brad Marchand and loses puck.
Goals for this period are 3 for Flames vs 2 for Capitals.
Shots for this period are 10 for Flames vs 19 for Capitals.

3rd period


0:01 of 3rd period - Jason Spezza wins face-off versus Eric Staal in neutral zone.
0:03 of 3rd period - Alexei Marchenko is hit by Alexander Semin and loses puck.
0:26 of 3rd period - Steve Bernier is hit by Colin Wilson and loses puck.
1:57 of 3rd period - Snap shot by Jimmy Hayes.
1:57 of 3rd period - Stopped by Cory Schneider without a rebound.
1:58 of 3rd period - Cody Hodgson wins face-off versus Patrik Berglund in Capitals zone.
2:30 of 3rd period - Minor Penalty to Nikita Zaitsev for Holding.
2:31 of 3rd period - Eric Staal wins face-off versus Jason Spezza in Capitals zone.
2:57 of 3rd period - Jason Spezza is hit by Sami Vatanen and loses puck.
3:16 of 3rd period - Esa Lindell is hit by Mike Cammalleri and loses puck.
4:30 of 3rd period - Penalty to Nikita Zaitsev is over, Nikita Zaitsev is back on ice.
4:53 of 3rd period - Icing by Brendan Mikkelson.
4:54 of 3rd period - Cody Hodgson wins face-off versus Colin Wilson in Flames zone.
5:05 of 3rd period - Snap shot by Steve Bernier.
5:05 of 3rd period - Stopped by Henrik Lundqvist without a rebound.
5:06 of 3rd period - Patrik Berglund wins face-off versus Jason Spezza in Flames zone.
5:16 of 3rd period - Minor Penalty to Jason Spezza for Tripping.
5:17 of 3rd period - Antoine Vermette wins face-off versus Patrik Berglund in Capitals zone.
5:25 of 3rd period - Snap shot by Erik Johnson.
5:25 of 3rd period - Shot Blocked by PK Subban.
5:27 of 3rd period - Snap shot by Tanner Pearson.
5:27 of 3rd period - Shot Blocked by Mike Cammalleri.
5:29 of 3rd period - Snap shot by Tanner Pearson.
5:29 of 3rd period - Stopped by Cory Schneider with a rebound.
5:31 of 3rd period - Slapshot by Jimmy Hayes.
5:31 of 3rd period - Stopped by Cory Schneider without a rebound.
5:32 of 3rd period - Antoine Vermette wins face-off versus Eric Staal in Capitals zone.
5:32 of 3rd period - Antoine Vermette is hit by David Backes.
5:56 of 3rd period - Alexei Marchenko is hit by Sami Vatanen and loses puck.
7:16 of 3rd period - Penalty to Jason Spezza is over, Jason Spezza is back on ice.
7:32 of 3rd period - Minor Penalty to Brad Richardson for Goalie Interference.
7:33 of 3rd period - David Backes wins face-off versus Jason Spezza in Capitals zone.
9:32 of 3rd period - Penalty to Brad Richardson is over, Brad Richardson is back on ice.
9:56 of 3rd period - Slapshot by David Ullstrom.
9:56 of 3rd period - Shot Misses the Net.
10:15 of 3rd period - Trevor Daley is hit by Colby Robak and loses puck.
10:57 of 3rd period - Slapshot by Esa Lindell.
10:57 of 3rd period - Deflect By Bryan Rust.
10:57 of 3rd period - Shot Misses the Net.
10:57 of 3rd period - Puck is out of play.
10:58 of 3rd period - Sean Monahan wins face-off versus Colin Wilson in Capitals zone.
11:08 of 3rd period - Wrist shot by Colin Wilson.
11:08 of 3rd period - Shot Misses the Net.
11:10 of 3rd period - Slapshot by Brendan Mikkelson.
11:10 of 3rd period - Shot Blocked by Alexei Marchenko.
12:05 of 3rd period - Wrist shot by Jason Spezza.
12:05 of 3rd period - Stopped by Henrik Lundqvist without a rebound.
12:06 of 3rd period - Jason Spezza wins face-off versus Brad Marchand in Flames zone.
12:35 of 3rd period - Snap shot by Victor Hedman.
12:35 of 3rd period - Shot Misses the Net.
12:37 of 3rd period - Slapshot by PK Subban.
12:37 of 3rd period - Stopped by Henrik Lundqvist with a rebound.
12:39 of 3rd period - Slapshot by Cody Hodgson.
12:39 of 3rd period - Shot Blocked by Eric Staal.
12:41 of 3rd period - Snap shot by Cody Hodgson.
12:41 of 3rd period - Shot Misses the Net.
12:43 of 3rd period - Wrist shot by Cody Hodgson.
12:43 of 3rd period - Stopped by Henrik Lundqvist without a rebound.
12:44 of 3rd period - Jimmy Hayes wins face-off versus Antoine Vermette in Flames zone.
12:50 of 3rd period - Off-side.
12:51 of 3rd period - Patrik Berglund wins face-off versus Antoine Vermette in neutral zone.
13:00 of 3rd period - Brendan Mikkelson is hit by Brian Ferlin and loses puck.
13:17 of 3rd period - Snap shot by Eric Staal.
13:17 of 3rd period - Stopped by Cory Schneider with a rebound.
13:47 of 3rd period - Wrist shot by Bryan Rust.
13:47 of 3rd period - Stopped by Cory Schneider with a rebound.
14:51 of 3rd period - Wrist shot by Patrik Berglund.
14:51 of 3rd period - Goal by Patrik Berglund - Flames : 7 - Capitals : 4.
14:52 of 3rd period - Jason Spezza wins face-off versus Eric Staal in neutral zone.
15:01 of 3rd period - Wrist shot by David Backes.
15:01 of 3rd period - Stopped by Cory Schneider with a rebound.
15:03 of 3rd period - Slapshot by Christian Folin.
15:03 of 3rd period - Stopped by Cory Schneider with a rebound.
15:05 of 3rd period - Wrist shot by Eric Staal.
15:05 of 3rd period - Shot Misses the Net.
15:07 of 3rd period - Slapshot by Colby Robak.
15:07 of 3rd period - Stopped by Cory Schneider with a rebound.
15:19 of 3rd period - Christian Folin is hit by PK Subban and loses puck.
15:28 of 3rd period - Wrist shot by Steve Bernier.
15:28 of 3rd period - Stopped by Henrik Lundqvist without a rebound.
15:29 of 3rd period - Cody Hodgson wins face-off versus Eric Staal in Flames zone.
16:07 of 3rd period - Icing by Nikita Zaitsev.
16:08 of 3rd period - Eric Staal wins face-off versus Blake Pietila in Capitals zone.
16:09 of 3rd period - Snap shot by David Backes.
16:09 of 3rd period - Stopped by Cory Schneider without a rebound.
16:10 of 3rd period - Eric Staal wins face-off versus Jason Spezza in Capitals zone.
16:48 of 3rd period - Steve Bernier is hit by Jimmy Hayes and loses puck.
17:31 of 3rd period - Icing by Trevor Daley.
17:32 of 3rd period - Sean Monahan wins face-off versus Eric Staal in Capitals zone.
17:55 of 3rd period - Wrist shot by Brad Richardson.
17:55 of 3rd period - Stopped by Henrik Lundqvist with a rebound.
17:57 of 3rd period - Slapshot by Brad Richardson.
17:57 of 3rd period - Shot Hit the Post.
17:59 of 3rd period - Slapshot by Trevor Daley.
17:59 of 3rd period - Stopped by Henrik Lundqvist with a rebound.
18:01 of 3rd period - Slapshot by Cameron Gaunce.
18:01 of 3rd period - Deflect By Mark Stone.
18:01 of 3rd period - Stopped by Henrik Lundqvist with a rebound.
18:03 of 3rd period - Snap shot by Mark Stone.
18:03 of 3rd period - Stopped by Henrik Lundqvist without a rebound.
18:04 of 3rd period - Jason Spezza wins face-off versus Patrik Berglund in Flames zone.
18:38 of 3rd period - Snap shot by Brian Ferlin.
18:38 of 3rd period - Shot Misses the Net.
18:58 of 3rd period - Steve Bernier is hit by Eric Staal and loses puck.
19:51 of 3rd period - Slapshot by Jason Spezza.
19:51 of 3rd period - Stopped by Henrik Lundqvist with a rebound.
19:53 of 3rd period - Wrist shot by Blake Pietila.
19:53 of 3rd period - Stopped by Henrik Lundqvist without a rebound.
19:54 of 3rd period - Cody Hodgson wins face-off versus Eric Staal in Flames zone.
Goals for this period are 1 for Flames vs 0 for Capitals.
Shots for this period are 10 for Flames vs 11 for Capitals.